 Dungeon Crawl Stone Soup version 0.25.0-1-g7eea58d2a3 (webtiles) character file.

Game seed: 2326964540814949285

145 gruber the Covered (level 5, -1/45 HPs)
             Began as a Minotaur Fighter on June 14, 2020.
             Slain by a gnoll
             ... wielding a +0 spear
              (4 damage)
             ... on level 3 of the Dungeon.
             The game lasted 00:01:41 (1821 turns).

gruber the Covered (Minotaur Fighter)               Turns: 1821, Time: 00:01:42

Health: -1/45      AC:  7    Str: 21    XL:     5   Next: 6%
Magic:  4/4        EV:  7    Int:  5    God:
Gold:   164        SH:  9    Dex: 10    Spells: 4/4 levels left

rFire    . . .     SeeInvis .   a - +0 flail
rCold    . . .     Gourm    .   c - +0 kite shield
rNeg     . . .     Faith    .   b - +0 scale mail
rPois    .         Spirit   .   (helmet restricted)
rElec    .         Reflect  .   (no cloak)
rCorr    .         Harm     .   (no gloves)
MR       .....                  (no boots)
Stlth    +.........             (no amulet)
HPRegen  0.15/turn              o - ring of stealth
MPRegen  0.09/turn              (no ring)

@: no status effects
A: retaliatory headbutt, horns 2
a: no special abilities


You were on level 3 of the Dungeon.
You were not hungry.

You visited 1 branch of the dungeon, and saw 3 of its levels.

You collected 164 gold pieces.

Inventory:

Hand Weapons
 a - a +0 flail (weapon)
Missiles
 q - a throwing net (quivered)
Armour
 b - a +0 scale mail (worn)
 c - a +0 kite shield (worn)
Jewellery
 o - a ring of stealth (left hand)
Scrolls
 e - a scroll of blinking {unknown}
 h - 3 scrolls of identify {unknown}
 i - 3 scrolls of teleportation {unknown}
 k - a scroll of enchant armour {unknown}
 m - a scroll of noise {unknown}
 n - 2 scrolls of remove curse {unknown}
Potions
 d - a potion of might
 j - a potion of lignification {unknown}
 l - a potion of brilliance {unknown}
 p - a potion of cancellation {unknown}
Comestibles
 f - 5 rations


   Skills:
 - Level 3.6 Fighting
 + Level 4.8 Maces & Flails
 + Level 5.5 Armour
 - Level 3.6 Shields


You had 4 spell levels left.
You didn't know any spells.
Your spell library was empty.

Dungeon Overview and Level Annotations

Branches:
Dungeon (3/15)

Altars:


Innate Abilities, Weirdness & Mutations

You reflexively headbutt those who attack you in melee.
You have a pair of horns on your head.


Message History

The gnoll is heavily wounded.
You block the gnoll's attack. x2
You hit the gnoll.
The gnoll is heavily wounded.
The gnoll hits you but does no damage. The gnoll closely misses you.
The gnoll hits you but does no damage.
You hit the gnoll.
The gnoll is almost dead.
The gnoll closely misses you.
The gnoll hits you from afar with a +0 spear.
* * * LOW HITPOINT WARNING * * *
You sock the gnoll!
You kill the gnoll!
You have reached level 5!
You block the gnoll's attack. The gnoll completely misses you.
Items here: )) †† a +0 club; a cursed -2 spear; a gnoll corpse x2
You barely miss the gnoll. The gnoll hits you with a +0 spear.
You die...

############
#....)....<#
#
#.##########
.. #.# ..#
#.# ..# #.#
#.### #.#
....# .# #.#
....##.# #@#
....##.# #g#
....##.# #.#
[...##.# #.#
#g#.##.# #.#
.....#.##
#.#
...#÷...#
#.#
...#....#
#.#
...#....#
#.#


You could see a gnoll.

Vanquished Creatures
  3 gnolls (D:3)
  5 adders
  An ooze (D:2)
  A worm (D:2)
  A dart slug (D:1)
  3 leopard geckos (D:2)
  An orc (D:3)
  2 giant cockroaches
  3 goblins
  13 hobgoblins
  2 jackals (D:2)
  7 bats
  6 frilled lizards
  4 kobolds
  7 rats
59 creatures vanquished.

Notes
Turn   | Place    | Note
-------+----------+-------------------------------------------
     0 | D:1      | gruber the Minotaur Fighter began the quest for the Orb.
     0 | D:1      | Reached XP level 1. HP: 19/19 MP: 0/0
   170 | D:1      | Reached skill level 4 in Armour
   209 | D:1      | Reached XP level 2. HP: 26/26 MP: 1/1
   576 | D:2      | Reached XP level 3. HP: 30/31 MP: 2/2
   886 | D:2      | Reached skill level 5 in Armour
  1006 | D:2      | Reached XP level 4. HP: 36/39 MP: 3/3
  1819 | D:3      | Reached XP level 5. HP: 2/45 MP: 4/4
  1821 | D:3      | Slain by a gnoll

Illustrated notes

Levels and vault maps discovered:
D:1:      doesnt_arrival_eight_statues, layout_basic,
          chequers_serial_rivers_marsh
D:2:      layout_loops_ring, first_ration, nrook_uturn
D:3:      layout_basic, okawaru_metal_pillars_3

Skill      XL: |  1  2  3  4 |
---------------+-------------+-----
Armour         | 4 5 |  5.5
Maces & Flails | 3 4 |  4.8
Fighting       | |  3.6
Shields        | |  3.6

Action                   |  1- 3 |  4- 6 || total
-------------------------+-------+-------++-------
Melee: Flail             |    96 |    48 ||   144
       Headbutt          |    11 |    13 ||    24
Throw: Dart              |       |     5 ||     5
  Eat: Chunk             |       |     3 ||     3
Armor: Scale mail        |    43 |    18 ||    61
Dodge: Dodged            |    35 |    23 ||    58
Block: Kite shield       |    49 |    35 ||    84
